 Dungeon Crawl Stone Soup version 0.31-a0-1576-ga3383bade6 (webtiles) character file.

Game seed: 15505834133490147801

2768 Quindar the Trooper (level 9, 0/57 HPs)
             Began as a Gargoyle Fighter on Jan 4, 2024.
             Was a Priest of Okawaru.
             Slain by a manticore (16 damage)
             ... on level 7 of the Dungeon.
             The game lasted 00:08:30 (7210 turns).

Quindar the Trooper (Gargoyle Fighter)              Turns: 7210, Time: 00:08:30

Health: 0/57       AC: 21    Str: 23      XL:     9   Next: 69%
Magic:  12/12      EV:  6    Int:  9 (10) God:    Okawaru [***...]
Gold:   329        SH:  9    Dex:  9 (11) Spells: 8/8 levels left

rFire   + . .        a - +1 flail (heavy)
rCold   + . .        c - +0 kite shield
rNeg    + . .        b - +0 plate armour
rPois   ∞            d - +0 helmet
rElec   +            m - scarf {rC+ rF+}
rCorr   .            (no gloves)
SInv    .            (no boots)
Will    .....        g - amulet of regeneration Stlth
                     (no ring)
HPRegen 1.09/turn    (no ring)
MPRegen 0.13/turn

%: no passive effects
@: studying Long Blades
A: sickness immunity, AC +6, negative energy resistance 1, electricity
resistance, torment resistance 1, petrification resistance, hooves 1, thin
skeletal structure 1, deterioration 1
a: Renounce Religion, Heroism


You were on level 7 of the Dungeon.
You worshipped Okawaru.
Okawaru was most pleased with you.
You visited 2 branches of the dungeon, and saw 8 of its levels.

You collected 329 gold pieces.

Inventory:

Hand Weapons
 a - a +1 heavy flail (weapon)
Armour
 b - a +0 plate armour (worn)
 c - a +0 kite shield (worn)
 d - a +0 helmet (worn)
 m - a scarf of resistance (worn)
Jewellery
 g - an amulet of regeneration (around neck)
Wands
 s - a wand of iceblast (4)
 u - a wand of acid (6)
Scrolls
 e - 2 scrolls of fog
 f - 2 scrolls of amnesia
 h - 2 scrolls of revelation
 j - a scroll of fear
 k - a scroll of enchant weapon
 l - a scroll of vulnerability {unknown}
 n - a scroll of torment {unknown}
 o - a scroll of teleportation
 q - 2 scrolls of brand weapon
 r - a scroll of blinking
Potions
 p - a potion of haste {unknown}
 t - a potion of magic {unknown}


   Skills:
 + Level 7.5 Fighting
 + Level 6.2 Maces & Flails
 + Level 7.4 Armour
 + Level 7.3 Shields
 + Level 5.1 Invocations


You had 8 spell levels left.
You didn't know any spells.
Your spell library contained the following spells:

 Spells                   Type           Power      Damage    Failure   Level
 Mercury Vapours          Alch/Air       0%         N/A       100%        2
 Mephitic Cloud           Conj/Alch/Air  0%         N/A       100%        3
 Sigil of Binding         Hex            0%         N/A       100%        3
 Dimensional Bullseye     Hex/Tloc       0%         N/A       100%        4
 Alistair's Intoxication  Alch           0%         N/A       100%        5
 Borgnjor's Vile Clutch   Necr/Erth      0%         N/A       100%        5
 Freezing Cloud           Conj/Ice/Air   0%         6-21      100%        5
 Eringya's Noxious Bog    Alch           0%         4d6       100%        6
 Call Canine Familiar     Summ           Unusable   N/A       N/A         3

Dungeon Overview and Level Annotations

Branches:
Dungeon (7/15)             Temple (1/1) D:4

Altars:
Ashenzari
Cheibriados
Dithmenos
Elyvilon
Fedhas
Hepliaklqana
Kikubaaqudgha
Makhleb
Okawaru
Qazlal
Ru
Sif Muna
Trog
Uskayaw
Vehumet
Wu Jian
Xom
Yredelemnul
Zin
The Shining One

Shops:
D:6 =


Innate Abilities, Weirdness & Mutations

You are immune to sickness and miasma.
Your stone body is resilient. (AC +6)
You are immune to poison.
You resist negative energy. (rN+)
You are resistant to electric shocks. (rElec)
You are resistant to unholy torment.
You are immune to petrification.
You have large cloven feet.
You have a somewhat thin skeletal structure. (Dex +2, Stealth+)
Your body sometimes deteriorates upon taking damage.


Message History

You kick the manticore, but do no damage.
The manticore barely misses you. You block the manticore's attack.
The manticore barely misses you. You block the manticore's attack. x2
The manticore claws you but does no damage.
You barely miss the manticore. Your kick misses the manticore.
You carefully extract the barbed spikes from your body.
The manticore bites you. You block the manticore's attack.
The manticore claws you but does no damage.
The manticore bites you.
* * * LOW HITPOINT WARNING * * *
Your body deteriorates!
You feel dopey. You block the manticore's attack.
The manticore claws you but does no damage.
You hit the manticore but do no damage. You block the manticore's attack.
The manticore barely misses you. x2
Unknown command.
You barely miss the manticore. Your kick misses the manticore.
The manticore barely misses you.
The manticore claws you but does no damage. x2
You block the manticore's attack.
The manticore claws you but does no damage. x2
Unknown command.
You closely miss the manticore.
You kick the manticore, but do no damage.
The manticore closely misses you. The manticore claws you.
* * * LOW HITPOINT WARNING * * *
The manticore claws you but does no damage.
You block the manticore's attack.
The manticore claws you but does no damage. x2
You thump the manticore! You kick the manticore.
The manticore is moderately wounded.
You block the manticore's attack.
The manticore claws you but does no damage.
You block the manticore's attack. The manticore barely misses you.
The manticore claws you but does no damage. x2
Unknown command.
You barely miss the manticore. You kick the manticore.
The manticore is moderately wounded.
The manticore bites you!
You die...

..##.........#...........)
..##...)....##........ ...
.......[.............. ...
........#'############ ...
........#.# . #.#
....[...#.# ... . #
........#.# #.... #
..........#...... ..
.........@....... .#
.........H....... ..
.##............ ...
#............ ..
#............
#....##...... #.### ......
#. ......


You could see a manticore.

Vanquished Creatures
  Prince Ribbit (D:5)
  A wyvern (D:5)
  A shadow (D:7)
  A steam dragon (D:7)
  A vampire mosquito (D:7)
  Edmund (D:5)
  An orc warrior (D:7)
  4 ice beasts
  An ogre (D:5)
  A centaur (D:6)
  A kobold brigand (D:6)
  A bullfrog (D:7)
  A gnoll sergeant (D:6)
  2 scorpions
  A wight (D:6)
  2 bombardier beetles
  2 hounds (D:6)
  Crazy Yiuf (D:3)
  5 orc priests
  4 iguanas
  Jessica (D:2)
  Terence (D:3)
  Natasha (D:3)
  7 orc wizards
  Robin (D:2)
  13 adders
  5 gnolls (D:6)
  A ribbon worm (D:4)
  4 dart slugs
  16 orcs
  3 ball pythons
  3 endoplasms
  2 giant cockroaches (D:4)
  13 goblins
  9 hobgoblins
  4 jackals (D:3)
  4 quokkas
  A frilled lizard (D:1)
  8 kobolds
  4 rats
134 creatures vanquished.

Vanquished Creatures (others)
  An arcanist (D:7)
1 creature vanquished.

Grand Total: 135 creatures vanquished

Notes
Turn   | Place    | Note
-------+----------+-------------------------------------------
     0 | D:1      | Quindar the Gargoyle Fighter began the quest for the Orb.
     0 | D:1      | Reached XP level 1. HP: 14/14 MP: 1/1
   346 | D:1      | Reached XP level 2. HP: 19/19 MP: 2/2
   762 | D:2      | Identified the +4 leather armour "Ozeahong" {Int+3}
   947 | D:2      | Noticed Jessica
   961 | D:2      | Killed Jessica
   962 | D:2      | Reached XP level 3. HP: 3/24 MP: 3/3
  1220 | D:2      | Noticed Robin
  1337 | D:2      | Reached XP level 4. HP: 29/29 MP: 4/4
  1401 | D:2      | Killed Robin
  1826 | D:3      | Reached XP level 5. HP: 29/33 MP: 5/5
  2000 | D:3      | Noticed Terence
  2000 | D:3      | Noticed Natasha
  2008 | D:3      | Killed Terence
  2012 | D:3      | Killed Natasha
  2043 | D:3      | Found a runed translucent door.
  2044 | D:3      | Noticed Crazy Yiuf
  2051 | D:3      | Killed Crazy Yiuf
  2147 | D:3      | Found a stormy altar of Qazlal.
  2545 | D:4      | Found a snail-covered altar of Cheibriados.
  2583 | D:4      | Reached XP level 6. HP: 24/39 MP: 6/6
  3183 | D:4      | Reached skill level 5 in Fighting
  3183 | D:4      | Reached skill level 5 in Armour
  3414 | D:4      | Found a staircase to the Ecumenical Temple.
  3421 | Temple   | Entered the Ecumenical Temple
  3438 | Temple   | Became a worshipper of Warmaster Okawaru
  3845 | D:5      | Entered Level 5 of the Dungeon
  3854 | D:5      | Reached XP level 7. HP: 44/44 MP: 7/7
  4007 | D:5      | Reached skill level 5 in Shields
  4007 | D:5      | Reached skill level 1 in Invocations
  4216 | D:5      | Noticed a wyvern
  4225 | D:5      | Gained mutation: You have a somewhat thin skeletal
                  | structure. (Dex +2, Stealth+) [potion of mutation]
  4225 | D:5      | Gained mutation: Your body sometimes deteriorates upon
                  | taking damage. [potion of mutation]
  4225 | D:5      | Gained mutation: You have large cloven feet. [potion of
                  | mutation]
  4261 | D:5      | Killed a wyvern
  4261 | D:5      | Reached * piety under Okawaru
  4266 | D:5      | Reached XP level 8. HP: 39/51 MP: 7/9
  4326 | D:5      | Noticed Prince Ribbit
  4609 | D:5      | Noticed Edmund
  4618 | D:5      | Killed Prince Ribbit
  4634 | D:5      | Killed Edmund
  5277 | D:6      | Reached ** piety under Okawaru
  5278 | D:6      | Reached skill level 5 in Maces & Flails
  5545 | D:6      | Found Zeapt's Jewellery Shop.
  5570 | D:6      | HP: 2/52 [something (1)]
  5980 | D:6      | Reached XP level 9. HP: 29/56 MP: 11/11
  6562 | D:6      | Found a radiant altar of Vehumet.
  6572 | D:6      | Found a basalt altar of Yredelemnul.
  6739 | D:7      | Found an ornate altar of the Wu Jian Council.
  6988 | D:7      | Found a bloodstained altar of Trog.
  6989 | D:7      | Noticed a wizard
  6995 | D:7      | Killed a wizard
  7036 | D:7      | Reached *** piety under Okawaru
  7147 | D:7      | Reached skill level 5 in Invocations
  7198 | D:7      | Noticed a manticore
  7210 | D:7      | Slain by a manticore

Illustrated notes

Levels and vault maps discovered:
D:1:      nicolae_arrival_memento_mori, layout_loops_ring
D:2:      layout_basic, skrybe_limestone_x, chequers_serial_rivers_micro_a,
          uniq_robin, uniq_jessica
D:3:      layout_loops_ring, nicolae_qazlal_eye_of_the_storm,
          serial_bayou_lagoon_b, uniq_terence, uniq_natasha,
          uniq_crazy_yiuf_cottage
D:4:      layout_basic, mainiacjoe_overflow_24_doors, temple_green
D:5:      layout_basic, uniq_edmund, uniq_prince_ribbit1
D:6:      layout_basic, jmf_multi_god_temple2, serial_shops,
          nicolae_shop_gibbet_a_chance, grunt_decor_resistance
D:7:      layout_basic, pdpol_wu_jian_five_deadly_venoms, trog_wizard,
          minmay_manual_monolith
Temple:   zaba_magenta_temple

Skill      XL: |  1  2  3  4  5  6  7  8  9 |
---------------+----------------------------+-----
Fighting       | 4 5 6 7 |  7.5
Armour         | 4 5 6 7 |  7.4
Shields        | 4 5 6 7 |  7.3
Maces & Flails | 3 4 5 6 |  6.2
Invocations    | 2 3 5 |  5.1

Action                     |  1- 3 |  4- 6 |  7- 9 || total
---------------------------+-------+-------+-------++-------
  Melee: Flail             |    73 |   248 |   329 ||   650
         Kick              |       |       |    69 ||    69
  Evoke: Wand              |       |       |     6 ||     6
    Use: Potion            |     1 |       |     5 ||     6
         Scroll            |     1 |       |     9 ||    10
 Armour: Scale mail        |    70 |   190 |   228 ||   488
         Skin              |       |       |    44 ||    44
         Chain mail        |       |       |   175 ||   175
         Plate armour      |       |       |    22 ||    22
  Dodge: Dodged            |    40 |   120 |   152 ||   312
  Block: Buckler           |    22 |    58 |    48 ||   128
         Kite shield       |       |       |   165 ||   165

Table legend: (Time is in decaauts)
 A = Elapsed time spent in this place.
 B = Non-inter-level travel time spent in this place.
 C = Inter-level travel time spent in this place.
 D = Time resting spent in this place.
 E = Time spent auto-exploring this place.
 F = Levels seen in this place.
 G = Mean time per level.
                   A        B        C        D        E       F      G
               +--------+--------+--------+--------+--------+-----+--------+
         Total |   7488 |   7292 |    196 |    716 |   5012 |   8 |  936.0 |
       Dungeon |   7452 |   7256 |    196 |    716 |   5012 |   7 | 1064.6 |
        Temple |     35 |     35 |      0 |      0 |      0 |   1 |   35.0 |
               +--------+--------+--------+--------+--------+-----+--------+

Top non-repeatable levels by time:
     D:5: 1594 daAuts
     D:4: 1349 daAuts
     D:6: 1268 daAuts
     D:2: 1053 daAuts
     D:3: 831 daAuts
     D:1: 681 daAuts
     D:7: 674 daAuts
  Temple: 35 daAuts
